 Dungeon Crawl Stone Soup version 0.26.0-10-g1f06aea511 (webtiles) character file.

Game seed: 3865979809210507633

1332 nightchill the Frost Mage (level 8, -7/60 HPs)
             Began as a Merfolk Ice Elementalist on Jan 20, 2021.
             Killed from afar by Maggie (26 damage)
             ... with a bolt of fire
             ... on level 6 of the Dungeon.
             The game lasted 00:37:00 (7695 turns).

nightchill the Frost Mage (MfIE)                    Turns: 7695, Time: 00:37:01

Health: -7/60      AC: 10    Str:  9    XL:     8   Next: 61%
Magic:  4/15       EV: 13    Int: 15    God:
Gold:   533        SH:  0    Dex: 15    Spells: 9/16 levels left

rFire    . . .     SeeInvis .   z - +0 trident
rCold    . . .     Faith    .   (no shield)
rNeg     . . .     Spirit   .   f - +0 robe
rPois    .         Reflect  .   H - +1 hat
rElec    .         Harm     .   (no cloak)
rCorr    .         Rampage  .   (no gloves)
Will     .....                  (no boots)
Stlth    ++........             (no amulet)
HPRegen  0.20/turn              (no ring)
MPRegen  0.14/turn              (no ring)

@: icy armour, mesmerised
A: change form in water, swift swim, stealthy swim
a: no special abilities


You were on level 6 of the Dungeon.
You visited 1 branch of the dungeon, and saw 6 of its levels.

You collected 533 gold pieces.

Inventory:

Hand Weapons
 a - a +0 spear
 b - a +0 hunting sling
 c - a +0 whip
 p - a +0 hunting sling
 q - a +0 war axe
 u - a +2 short sword of draining
 z - a +0 trident (weapon)
 C - a +0 dagger
 G - a +0 scythe
Missiles
 i - 141 stones (quivered)
 l - 15 poisoned darts
 x - 5 datura-tipped darts
Armour
 f - a +0 robe (worn)
 v - a +0 pair of boots
 F - a +1 leather armour of poison resistance
 H - a +1 hat (worn)
 I - a +0 kite shield
 K - a +0 pair of boots
Jewellery
 A - a cursed -4 ring of strength {unknown}
 J - an uncursed ring of wizardry {unknown}
Scrolls
 d - 5 scrolls of teleportation {unknown}
 e - a scroll of blinking {unknown}
 h - a scroll of fog {unknown}
 j - a scroll of random uselessness {unknown}
 k - 2 scrolls of immolation {unknown}
 m - 6 scrolls of remove curse {unknown}
 n - 5 scrolls of identify {unknown}
 s - a scroll of fear {unknown}
 y - 2 scrolls of magic mapping {unknown}
 E - a scroll of amnesia {unknown}
Potions
 g - a potion of heal wounds
 o - a potion of attraction {unknown}
 r - a potion of flight {unknown}
 t - a potion of curing {unknown}
 w - 3 potions of lignification {unknown}
 B - a potion of berserk rage {unknown}
 D - a potion of magic {unknown}


   Skills:
 + Level 4.1 Fighting
 + Level 6.2 Polearms
 - Level 2.6 Dodging
 - Level 2.1 Stealth
 + Level 4.7 Spellcasting
 * Level 8.6 Ice Magic


You had 9 spell levels left.
You knew the following spells:

 Your Spells              Type           Power        Failure   Level
a - Freeze                Ice            100%         1%          1
b - Frozen Ramparts       Ice            58%          1%          3
c - Ozocubu's Armour      Ice            29%          1%          3

Your spell library contained the following spells:

 Spells                   Type           Power        Failure   Level
 Hailstorm                Conj/Ice       16%          28%         4
 Summon Ice Beast         Ice/Summ       16%          28%         4


Dungeon Overview and Level Annotations

Branches:
Dungeon (6/15)
 Temple: D:4-7

Altars:
Makhleb
Okawaru
Qazlal
Uskayaw
Vehumet

Annotations:
D:4 exclusion: downstairs
D:5 exclusion: downstairs
D:6 Eustachio, Maggie


Message History

Aiming: Freeze (safe; 1% risk of failure)
Press: ? - help, Shift-Dir - straight line, f/p - Maggie
Aim: Maggie, wielding a +0 long sword of distortion and wearing +0 acid dragon scales (heavily wounded, mesmerising)
You freeze Maggie.
Maggie is heavily wounded.
The centaur misses you.
Maggie points at you and mumbles some strange words.
The bolt of fire misses you. The howler monkey closely misses you.
The centaur hits you but does no damage.
Casting: Freeze (safe; 1% risk of failure)
Confirm with . or Enter, or press ? or * to list all spells.
Aiming: Freeze (safe; 1% risk of failure)
Press: ? - help, Shift-Dir - straight line, f/p - Maggie
Aim: Maggie, wielding a +0 long sword of distortion and wearing +0 acid dragon scales (heavily wounded, mesmerising)
You freeze Maggie!
Maggie is severely wounded.
The howler monkey hoots and howls with incredible vigour!
Maggie casts a spell at you. The bolt of fire hits you!!
You die...

###### .....#
############
####.#########...........
# #.##......'((.........
# #.##.######.!.........
# #.##.# #.@.c....... #
#.##.# #..@h.......
####.##.# #.......(...
#....##.# #.(.........
#.#####.# ######.#####
#.#####.# .# #.......#
### .. #######.# #.. .. #
#.###.###### ... #
#...........


You could see Maggie (mesmerising), a centaur and a howler monkey (catching
breath).

Vanquished Creatures
  Sigmund (D:5)
  An ice beast (D:6)
  2 centaurs
  A gnoll sergeant (D:5)
  A scorpion (D:4)
  4 hounds
  3 orc priests
  2 centaur skeletons
  A bullfrog skeleton (D:5)
  4 orc wizards
  An iguana (D:3)
  3 worker ants (D:4)
  10 adders
  5 gnolls
  A shadow imp (D:5)
  A white imp (D:4)
  2 ufetubi (D:5)
  An ooze (D:2)
  A worm (D:4)
  3 dart slugs
  5 leopard geckos
  36 orcs
  2 ball pythons
  6 giant cockroaches
  8 goblins
  7 hobgoblins
  6 kobolds
  2 quokkas (D:2)
  10 bats
  4 frilled lizards
  A quokka skeleton (D:6)
  7 rats
142 creatures vanquished.

Vanquished Creatures (others)
  2 orcs (D:3)
  A giant cockroach (D:6)
  3 goblins (D:3)
  A fungus (D:2)
  25 plants (D:6)
  5 toadstools (D:2)
37 creatures vanquished.

Grand Total: 179 creatures vanquished

Notes
Turn   | Place    | Note
-------+----------+-------------------------------------------
     0 | D:1      | nightchill the Merfolk Ice Elementalist began the quest for
                  | the Orb.
     0 | D:1      | Reached XP level 1. HP: 13/13 MP: 3/3
   202 | D:1      | Reached XP level 2. HP: 19/19 MP: 1/5
   778 | D:1      | Reached skill level 5 in Ice Magic
   778 | D:1      | Reached XP level 3. HP: 24/24 MP: 3/6
   782 | D:1      | Learned a level 3 spell: Frozen Ramparts
   955 | D:1      | Reached skill level 1 in Polearms
  1522 | D:2      | Reached XP level 4. HP: 30/30 MP: 2/8
  2377 | D:2      | Reached XP level 5. HP: 36/36 MP: 5/9
  2471 | D:2      | Learned a level 3 spell: Ozocubu's Armour
  2716 | D:3      | Found a burning altar of Makhleb.
  2920 | D:3      | Reached skill level 6 in Ice Magic
  2934 | D:3      | Reached skill level 1 in Fighting
  3346 | D:3      | Reached XP level 6. HP: 39/43 MP: 10/10
  3545 | D:3      | Found a radiant altar of Vehumet.
  4716 | D:4      | Found a stormy altar of Qazlal.
  4918 | D:4      | Reached XP level 7. HP: 41/50 MP: 7/12
  5454 | D:5      | Entered Level 5 of the Dungeon
  5585 | D:5      | Reached skill level 7 in Ice Magic
  6099 | D:5      | Found a hide-covered altar of Uskayaw.
  6121 | D:5      | Reached skill level 5 in Polearms
  6313 | D:5      | Noticed Sigmund
  6459 | D:5      | Killed Sigmund
  6460 | D:5      | Reached XP level 8. HP: 31/58 MP: 8/14
  6700 | D:5      | Found an iron altar of Okawaru.
  6916 | D:6      | Noticed Eustachio
  6930 | D:5      | Reached skill level 8 in Ice Magic
  7408 | D:6      | Noticed Maggie
  7695 | D:6      | Killed from afar by Maggie

Illustrated notes

Levels and vault maps discovered:
D:1:      erik_arrival_orb_chamber, layout_rooms
D:2:      layout_basic, minmay_gold_behind_fungi
D:3:      layout_basic, makhleb_blood_cavern_becter, fiery_altar_vehumet,
          nrook_campfire, minmay_unequal
D:4:      layout_loops_ring, nicolae_qazlal_general_emergency
D:5:      layout_rooms, okawaru_ov_weapons_minmay,
          eat_drink_and_be_merry_uskayaw, uniq_sigmund
D:6:      layout_basic, minitemple, minmay_misc_feat_nine_boxes,
          serial_bayou_lagoon_a, sword_in_stone, uniq_maggie, uniq_duvessa,
          uniq_grinder

Skill      XL: |  1  2  3  4  5  6  7  8 |
---------------+-------------------------+-----
Ice Magic      | 5 6 7 8 |  8.6
Polearms       | 1 2 3 4 5 6 |  6.2
Spellcasting   | 3 4 |  4.7
Fighting       | 1 2 3 4 |  4.1
Dodging        | |  2.6
Stealth        | |  2.1

Action                   |  1- 3 |  4- 6 |  7- 9 || total
-------------------------+-------+-------+-------++-------
Melee: Spear             |    18 |   130 |       ||   148
       Trident           |       |     9 |   177 ||   186
Throw: Stone             |     3 |     8 |     4 ||    15
 Cast: Freeze            |    42 |    35 |    20 ||    97
       Frozen Ramparts   |     1 |    14 |    10 ||    25
       Ozocubu's Armour  |       |     7 |    11 ||    18
  Use: Potion            |       |       |     1 ||     1
 Stab: Sleeping          |       |     7 |     3 ||    10
       Distracted        |       |       |     1 ||     1
Armor: Robe              |    12 |    18 |    28 ||    58
Dodge: Dodged            |    22 |    75 |   142 ||   239
